 Dungeon Crawl Stone Soup version 0.25-a0-10-g2fe12d4386 (webtiles) character file.

Game seed: 12460101867464785162, levelgen mode: deterministic

20432 ThingDCSS the Transmogrifier (level 12, -3/91 HPs)
             Began as a Demonspawn Transmuter on Oct 15, 2019.
             Was a High Priest of Makhleb.
             Slain by a nine-headed hydra (13 damage)
             ... on level 3 of the Lair of Beasts.
             The game lasted 01:40:15 (15201 turns).

ThingDCSS the Transmogrifier (DsTm)                Turns: 15201, Time: 01:40:17

Health: -3/91      AC:  7    Str: 15    XL:     12   Next: 45%
Magic:  0/22       EV: 12    Int: 16    God:    Makhleb [*****.]
Gold:   1066       SH:  0    Dex: 17    Spells: 5/25 levels left

rFire    . . .     SeeInvis .     - Unarmed
rCold    . . .     Gourm    .   (shield currently unavailable)
rNeg     + . .     Faith    +   x - +1 leather armour "Figauwk" {rCorr}
rPois    .         Spirit   +   P - +1 helmet "Ethrai" {rElec Regen+}
rElec    +         Reflect  .   M - +0 cloak
rCorr    +         Harm     .   (gloves currently unavailable)
MR       .....                  (no boots)
Stlth    +++.......             f - amulet of faith
HPRegen  0.65/turn              u - ring of positive energy
MPRegen  0.36/turn              G - ring of stealth

@: blade hands
A: claws 2, thin skeletal structure 2, magic shield, magic regeneration, rot
immunity
a: End Transformation, Minor Destruction, Lesser Servant of Makhleb, Major
Destruction, Greater Servant of Makhleb, Renounce Religion


You were on level 3 of the Lair of Beasts.
You worshipped Makhleb.
Makhleb was extremely pleased with you.
You were not hungry.
You had blades for hands.
You visited 3 branches of the dungeon, and saw 16 of its levels.
You also visited: Sewer.

You collected 1066 gold pieces.

Inventory:

Hand Weapons
 b - a +1 hunting sling of freezing
 m - a +2 vampiric dagger
 E - the +1 hand axe of Fiuryg {chop, rF+ Stlth+}
   (You took it off an orc on level 5 of the Dungeon)

   It inflicts extra damage upon your enemies.
   It protects you from fire.
   It makes you more stealthy.
Missiles
 a - 148 arrows (quivered)
 w - 34 sling bullets
Armour
 k - a +1 helmet
 o - a +0 robe
 x - the +1 leather armour "Figauwk" (worn) {rCorr}
   (You found it on level 6 of the Dungeon)

   It provides partial protection from all sources of acid and corrosion.
 M - a +0 cloak (worn)
 P - the +1 helmet "Ethrai" (worn) {rElec Regen+}
   (You found it on level 2 of the Lair of Beasts)

   It insulates you from electricity.
   It increases your rate of regeneration.
 S - a +0 troll leather armour
Magical Staves
 F - a cursed staff of poison
Jewellery
 f - an amulet of faith (around neck)
 u - a ring of positive energy (left scythe-like blade)
 y - an uncursed ring of teleportation
 z - an uncursed amulet of the acrobat {unknown}
 A - an uncursed ring of stealth
 B - an uncursed ring of ice
 G - a ring of stealth (right scythe-like blade)
 J - an uncursed amulet of the gourmand {unknown}
 K - an uncursed amulet of magic regeneration {unknown}
Wands
 c - a wand of acid (2)
 g - a wand of flame (45)
 N - a wand of iceblast (20)
 R - a wand of clouds (3)
Scrolls
 h - 4 scrolls of enchant armour
 i - 6 scrolls of teleportation
 j - 3 scrolls of enchant weapon
 n - 13 scrolls of identify
 p - 3 scrolls of amnesia
 q - 2 scrolls of remove curse
 C - 3 scrolls of magic mapping
 H - a scroll of fog
 I - 2 scrolls of summoning {unknown}
 O - a scroll of fear
 Q - a scroll of silence {unknown}
Potions
 e - 2 potions of cancellation
 l - 2 potions of magic
 r - 2 potions of might
 s - 6 potions of flight
 t - 2 potions of haste
 v - 6 potions of curing
 D - 2 potions of brilliance
 L - a potion of resistance
Comestibles
 d - 23 rations


   Skills:
 - Level 7.0 Fighting
 - Level 2.0 Dodging
 * Level 8.8 Unarmed Combat
 - Level 7.2 Spellcasting
 + Level 1.8 Charms
 + Level 1.8 Translocations
 + Level 12.4 Transmutations
 + Level 9.6 Invocations


You had 5 spell levels left.
You knew the following spells:

 Your Spells              Type           Power        Failure   Level  Hunger
a - Hydra Form            Tmut           #####.....   54%         6    #######
b - Sticks to Snakes      Tmut           #####...     8%          2    None
c - Spider Form           Tmut/Pois      ####......   28%         3    ##.....
d - Blade Hands           Tmut           #####.....   24%         5    #####..
e - Song of Slaying       Chrm           ##......     47%         2    None
f - Shroud of Golubria    Chrm/Tloc      ##....       47%         2    None

Your spell library contained the following spells:

 Spells                   Type           Power        Failure   Level  Hunger
 Beastly Appendage        Tmut           #####.       7%          1    None
 Passwall                 Tmut/Erth      ####....     21%         2    None
 Apportation              Tloc           ##....       38%         1    None
 Infusion                 Chrm           ##..         38%         1    None
 Ice Form                 Ice/Tmut       ####....     50%         4    ####...
 Petrify                  Tmut/Erth      ####....     50%         4    ####...
 Animate Skeleton         Necr           N/A          56%         1    None
 Confusing Touch          Hex            #.....       56%         1    None
 Corona                   Hex            #......      56%         1    None
 Flame Tongue             Conj/Fire      #....        56%         1    None
 Magic Dart               Conj           #...         56%         1    None
 Sandblast                Erth           #.....       56%         1    None
 Sting                    Conj/Pois      #...         56%         1    None
 Summon Small Mammal      Summ           #...         56%         1    None
 Ensorcelled Hibernation  Hex/Ice        #.....       65%         2    None
 Poisonous Vapours        Pois/Air       #.....       65%         2    None
 Searing Ray              Conj           #.....       65%         2    None
 Slow                     Hex            #.......     65%         2    None
 Throw Flame              Conj/Fire      #.....       65%         2    None
 Portal Projectile        Hex/Tloc       #.....       73%         3    ##.....
 Regeneration             Chrm/Necr      #.........   73%         3    ##.....
 Spectral Weapon          Hex/Chrm       #.......     73%         3    ##.....
 Confuse                  Hex            #.......     82%         3    ##.....
 Conjure Flame            Conj/Fire      #.......     82%         3    ##.....
 Dazzling Spray           Conj/Hex       #.....       82%         3    ##.....
 Inner Flame              Hex/Fire       #.......     82%         3    ##.....
 Mephitic Cloud           Conj/Pois/Air  #.......     82%         3    ##.....
 Stone Arrow              Conj/Erth      #.....       82%         3    ##.....
 Tukima's Dance           Hex            #.......     82%         3    ##.....
 Force Lance              Conj/Tloc      #.......     96%         4    ####...
 Cause Fear               Hex            #.........   98%         4    ####...
 Fulminant Prism          Conj/Hex       #.........   98%         4    ####...
 Iskenderun's Mystic Bla  Conj           #.......     98%         4    ####...
 Leda's Liquefaction      Hex/Erth       #.........   98%         4    ####...
 Olgreb's Toxic Radiance  Pois           #.......     98%         4    ####...
 Sticky Flame             Conj/Fire      #.......     98%         4    ####...
 Fireball                 Conj/Fire      #.........   100%        5    #####..
 Lee's Rapid Deconstruct  Erth           #.........   100%        5    #####..
 Venom Bolt               Conj/Pois      #.........   100%        5    #####..
 Iron Shot                Conj/Erth      #.........   100%        6    #######


Dungeon Overview and Level Annotations

Branches:
Dungeon (12/15)            Temple (1/1) D:6            Lair (3/6) D:9
  Sewer (visited)
  Swamp: Lair:2-4    Shoals: Lair:2-4     Snake: Lair:2-4    Spider: Lair:2-4
    Orc: D:9-12

Altars:
Ashenzari
Cheibriados
Dithmenos
Elyvilon
Fedhas
Gozag
Hepliaklqana
Kikubaaqudgha
Makhleb
Nemelex Xobeh
Okawaru
Qazlal
Ru
Sif Muna
Trog
Uskayaw
Vehumet
Wu Jian
Xom
Yredelemnul
Zin
The Shining One

Annotations:
D:4 1 runed translucent door, Mandevil's ghost, novice HaCK
D:8 Grum


Innate Abilities, Weirdness & Mutations

You have very sharp fingernails.
You have a moderately thin skeletal structure. (Dex +4, Stealth+)
When hurt, damage is shared between your health and your magic reserves.
You regenerate magic rapidly.
You are immune to rotting.


Message History

An eight-headed hydra comes into view.
The eight-headed hydra roars!
The eight-headed hydra bites you. The eight-headed hydra bites you! x4
The eight-headed hydra barely misses you.
The eight-headed hydra bites you. The eight-headed hydra bites you!
You see here a potion of curing.
You slice one of the eight-headed hydra's heads off!
The seven-headed hydra grows two more!
You slice the nine-headed hydra!!
The nine-headed hydra is moderately wounded.
The nine-headed hydra bites you!
* * * LOW HITPOINT WARNING * * *
The nine-headed hydra misses you.
The nine-headed hydra closely misses you.
The nine-headed hydra bites you!
* * * LOW HITPOINT WARNING * * *
The nine-headed hydra bites you!
* * * LOW HITPOINT WARNING * * *
The nine-headed hydra bites you but does no damage.
The nine-headed hydra bites you!
You die...

....## ### ......#
######.# ........###
#....... ^..........#
##...#.. #..........#
##..#... ...........
#....##. #...^....D##
##..##.. #........@P#
#P...### #.........P#
##..###P #.).......##
##...### #.#.......#
#.....#. ........#.#
#####....#..
#.......#######.##........
...............#..........
.........#.P.#.P..........
.........#................


You could see a nine-headed hydra.

Vanquished Creatures
  Harold (D:8)
  The ghost of Avodethru the Thaumaturge, a journeyman DEWz of Ashenzari (Lair:3)
  A two-headed ogre (D:11)
  Erica (Lair:2)
  Pikel (D:6)
  A manticore (D:11)
  2 black mambas (Lair:1)
  5 spiny frogs
  A gargoyle (D:10)
  2 komodo dragons
  A polar bear (Lair:3)
  2 trolls
  6 hippogriffs
  Sigmund (D:6)
  29 yaks
  A wyvern (Lair:2)
  A basilisk (Lair:2)
  8 water moccasins
  4 porcupines
  5 orc warriors
  4 ice beasts
  A phantom (D:6)
  2 sky beasts (D:5)
  A slave (D:5)
  A black bear (Lair:2)
  4 wolves
  6 centaurs
  4 ogres
  6 crocodiles
  4 big kobolds
  8 bullfrogs
  Blork the orc (D:4)
  A wyvern zombie (D:8)
  A wyvern skeleton (D:9)
  7 scorpions
  9 killer bees
  4 wights (D:8)
  5 crimson imps
  3 quasits
  A bullfrog zombie (D:8)
  4 bullfrog skeletons
  5 hounds
  2 jellies (D:9)
  A centaur zombie (D:5)
  8 orc priests
  2 centaur skeletons
  Terence (D:3)
  2 iguanas
  11 orc wizards
  2 worker ants
  A hound skeleton (D:6)
  A mummy (D:7)
  14 adders
  4 shadow imps
  2 oozes
  2 adder skeletons
  An adder zombie (D:5)
  2 worms
  2 dart slugs
  9 leopard geckos
  36 orcs
  13 bats
  6 giant cockroaches
  12 goblins
  11 hobgoblins
  27 jackals
  32 kobolds
  A quokka (D:7)
  2 ball pythons (Sewer)
  7 frilled lizards
  A jackal zombie (D:8)
  A leopard gecko skeleton (D:5)
  6 rats
  7 fungi
  5 plants (Sewer)
390 creatures vanquished.

Vanquished Creatures (collateral kills)
  2 wolves (D:8)
  An adder (D:2)
  An ooze (D:3)
  An adder skeleton (D:5)
  2 bats
7 creatures vanquished.

Vanquished Creatures (others)
  A slave (D:6)
  A worker ant (D:6)
  An orc (D:6)
  2 fungi (D:9)
  A plant (D:7)
6 creatures vanquished.

Grand Total: 403 creatures vanquished

Notes
Turn   | Place    | Note
-------+----------+-------------------------------------------
     0 | D:1      | ThingDCSS the Demonspawn Transmuter began the quest for the
                  | Orb.
     0 | D:1      | Reached XP level 1. HP: 15/15 MP: 3/3
   279 | D:1      | Reached skill level 2 in Transmutations
   321 | D:1      | Gained mutation: When hurt, damage is shared between your
                  | health and your magic reserves. [demonic ancestry]
   321 | D:1      | Reached XP level 2. HP: 21/21 MP: 5/5
   325 | D:1      | Learned a level 2 spell: Sticks to Snakes
   641 | D:1      | You fall into a shaft and drop 1 floor!
   660 | D:2      | Reached XP level 3. HP: 26/26 MP: 4/6
  1561 | D:2      | Reached skill level 3 in Transmutations
  1561 | D:2      | Gained mutation: You have sharp fingernails. [demonic
                  | ancestry]
  1561 | D:2      | Reached XP level 4. HP: 32/32 MP: 1/7
  2094 | D:3      | Noticed Terence
  2111 | D:3      | Killed Terence
  2604 | D:3      | Found a glowing drain.
  2628 | D:3      | Reached XP level 5. HP: 33/37 MP: 2/8
  2634 | Sewer    | Entered a sewer
  2639 | Sewer    | Learned a level 3 spell: Spider Form
  3963 | D:4      | Found a white marble altar of Elyvilon.
  4029 | D:4      | Found a runed translucent door.
  4030 | D:4      | Noticed Mandevil's ghost (novice HaCK)
  4191 | D:4      | Noticed a centaur
  4195 | D:5      | Entered Level 5 of the Dungeon
  4332 | D:6      | Reached skill level 4 in Transmutations
  4364 | D:6      | Got a bloodstained leather armour
  4390 | D:6      | Found a staircase to the Ecumenical Temple.
  4397 | Temple   | Entered the Ecumenical Temple
  4448 | Temple   | Became a worshipper of Makhleb the Destroyer
  4531 | D:6      | Noticed a centaur
  4542 | D:6      | Killed a centaur
  4542 | D:6      | Reached XP level 6. HP: 29/43 MP: 0/9
  4612 | D:5      | Reached skill level 5 in Unarmed Combat
  4795 | D:5      | Reached skill level 5 in Transmutations
  5009 | D:5      | Noticed a sky beast
  5015 | D:5      | Gained mutation: You have very sharp fingernails. [demonic
                  | ancestry]
  5015 | D:5      | Reached XP level 7. HP: 47/48 MP: 8/10
  5230 | D:5      | Reached skill level 6 in Transmutations
  5464 | D:5      | Reached skill level 7 in Transmutations
  5837 | D:4      | Found a blossoming altar of Fedhas.
  5844 | D:4      | Gained mutation: You have a somewhat thin skeletal
                  | structure. (Dex +2, Stealth) [demonic ancestry]
  5844 | D:4      | Reached XP level 8. HP: 39/54 MP: 5/11
  5923 | D:4      | Learned a level 5 spell: Blade Hands
  6021 | D:4      | Noticed Blork the orc
  6031 | D:4      | Killed Blork the orc
  6309 | D:7      | Noticed a hippogriff
  6570 | D:6      | Noticed Sigmund
  6596 | D:6      | Killed Sigmund
  6596 | D:6      | Reached skill level 8 in Transmutations
  6825 | D:6      | Reached * piety under Makhleb
  7035 | D:6      | Reached skill level 9 in Transmutations
  7048 | D:6      | Noticed Pikel
  7144 | D:6      | Killed Pikel
  7144 | D:6      | Reached skill level 10 in Transmutations
  7144 | D:6      | Gained mutation: You are immune to rotting. [demonic
                  | ancestry]
  7144 | D:6      | Reached XP level 9. HP: 12/59 MP: 1/13
  7516 | D:6      | Identified the cursed +1 leather armour "Figauwk" {rCorr}
                  | (You found it on level 6 of the Dungeon)
  7621 | D:6      | Found a shadowy altar of Dithmenos.
  7842 | D:6      | Found a sacrificial altar of Ru.
  8014 | D:5      | Identified the +1 hand axe of Fiuryg {chop, rF+ Stlth+}
  8386 | D:7      | Found an ornate altar of the Wu Jian Council.
  8390 | D:7      | Reached skill level 1 in Invocations
  8496 | D:7      | Reached ** piety under Makhleb
  8516 | D:7      | HP: 2/61 [orc priest/divine providence (16)]
  8743 | D:7      | Reached skill level 11 in Transmutations
  9000 | D:7      | Found a snail-covered altar of Cheibriados.
  9294 | D:7      | Gained mutation: You have a moderately thin skeletal
                  | structure. (Dex +4, Stealth+) [demonic ancestry]
  9294 | D:7      | Reached XP level 10. HP: 69/69 MP: 6/16
  9412 | D:7      | Reached *** piety under Makhleb
  9593 | D:8      | Noticed an angel
  9594 | D:8      | Found a shimmering altar of Xom.
  9596 | D:8      | Found a glowing silver altar of Zin.
  9709 | D:8      | Found a sparkling altar of Nemelex Xobeh.
  9711 | D:8      | Found a glowing golden altar of the Shining One.
  9711 | D:8      | Found a shattered altar of Ashenzari.
  9969 | D:8      | Identified Ubeosh's Almanac of Hurtful Transformation
 10016 | D:8      | Noticed Harold
 10034 | D:8      | Killed Harold
 10034 | D:8      | Reached skill level 5 in Invocations
 10094 | D:8      | Found an iron altar of Okawaru.
 10207 | D:8      | Noticed Grum
 10462 | D:9      | Reached skill level 5 in Spellcasting
 10487 | D:9      | Found a staircase to the Lair.
 10944 | D:9      | Learned a level 6 spell: Hydra Form
 10994 | D:9      | Reached **** piety under Makhleb
 11244 | D:10     | Entered Level 10 of the Dungeon
 11300 | D:10     | Noticed a gargoyle
 11309 | D:10     | Gained mutation: You regenerate magic rapidly. [demonic
                  | ancestry]
 11309 | D:10     | Reached XP level 11. HP: 65/78 MP: 7/19
 11376 | D:10     | Reached skill level 5 in Fighting
 11814 | D:10     | Reached ***** piety under Makhleb
 12118 | D:11     | Noticed a two-headed ogre
 12168 | D:11     | Killed a two-headed ogre
 12404 | D:11     | HP: 4/105 [troll (11)]
 12600 | D:11     | Noticed a white ugly thing
 12675 | Lair:1   | Entered Level 1 of the Lair of Beasts
 13081 | Lair:1   | Reached skill level 12 in Transmutations
 13927 | Lair:2   | Noticed Erica
 13937 | Lair:2   | Reached XP level 12. HP: 70/89 MP: 7/22
 13940 | Lair:2   | Killed Erica
 14382 | Lair:2   | Learned a level 2 spell: Song of Slaying
 14385 | Lair:2   | Learned a level 2 spell: Shroud of Golubria
 14674 | Lair:2   | Got an encrusted helmet
 14686 | Lair:2   | Identified the +1 helmet "Ethrai" {rElec Regen+} (You found
                  | it on level 2 of the Lair of Beasts)
 14918 | Lair:3   | Reached skill level 1 in Charms
 14918 | Lair:3   | Reached skill level 1 in Translocations
 14950 | Lair:3   | Found a runed translucent gate.
 14950 | Lair:3   | Found a runed translucent gate.
 14950 | Lair:3   | Found a runed translucent gate.
 14984 | Lair:3   | Noticed Avodethru's ghost (journeyman DEWz)
 14998 | Lair:3   | Killed Avodethru's ghost
 15197 | Lair:3   | Noticed an eight-headed hydra
 15201 | Lair:3   | Slain by a nine-headed hydra

Levels and vault maps discovered:
D:1:      dpeg_arrival_arbitrary_b, layout_loops_ring,
          minmay_misc_feat_four_crosses, minmay_nonomino_d4
D:2:      layout_basic, serial_co_window_serial, co_window_corner_a,
          co_window_of_opportunity_a, co_window_paths_b, co_window_paths_a,
          co_window_paths_a, co_window_paths_a, co_window_paths_a,
          co_window_corner_cb, co_window_broadway_c, co_window_corner_b,
          co_window_paths_c, co_window_paths_e, co_window_sun, glass_columns_c,
          glass_columns_c, first_ration, minmay_fractal_squares_gapless_5
D:3:      layout_basic, gup_sewer_entry_glass, uniq_terence
D:4:      layout_loops_ring, fedhas_bush_and_centaur_altar,
          lemuel_crystal_altar, ebering_ghost_reflecting_pool,
          uniq_blork_the_orc
D:5:      minmay_polygon_palace, layout_rooms
D:6:      layout_loops_corners, marbit_many_paths, lemuel_crystal_altar,
          minmay_temple_entry_trees, uniq_sigmund, uniq_pikel
D:7:      layout_rooms, slow_altar_2, lemuel_round_altar, grunt_ogre_cave,
          minmay_shattered_shrine
D:8:      layout_basic, grunt_temple_overflow_order_and_chaos_1,
          grunt_temple_overflow_open, okawaru_metal_pillars_3, uniq_harold,
          uniq_grum
D:9:      layout_loops_ring, grunt_lair_entry_orc_guard_hut,
          minmay_variable_closet
D:10:     layout_loops_ring
D:11:     layout_rooms, gauntlet_entry_generic
D:12:     layout_cave_pools, zombieorc2_lemuel
Temple:   cyrus_temple_forest
Lair:1:   layout_gridlike, lemuel_fruit_fields
Lair:2:   layout_regular_city, grunt_megastairs_4, uniq_erica
Lair:3:   layout_gridlike, ebering_ghost_rock_garden, lemuel_fruit_tree

Skill      XL: |  1  2  3  4  5  6  7  8  9 10 11 12 |
---------------+-------------------------------------+-----
Dodging        | 2 |  2.0
Transmutations | 2 3 4 5 7 10 11 12 | 12.4
Unarmed Combat | 3 4 5 6 8 |  8.8
Spellcasting   | 3 4 5 6 7 |  7.2
Invocations    | 3 6 8 9 |  9.6
Fighting       | 2 4 6 7 |  7.0
Charms         | 1 |  1.8
Translocations | 1 |  1.8

Action                   |  1- 3 |  4- 6 |  7- 9 | 10-12 || total
-------------------------+-------+-------+-------+-------++-------
Melee: Unarmed           |   150 |   328 |   299 |   545 ||  1322
       Headbutt          |     6 |       |       |       ||     6
       Kick              |    18 |    51 |     1 |       ||    70
       Punch             |     2 |     6 |     3 |     9 ||    20
 Cast: Beastly Appendage |    23 |    24 |     6 |       ||    53
       Sticks to Snakes  |     3 |    15 |     3 |       ||    21
       Spider Form       |       |    13 |    16 |     7 ||    36
       Blade Hands       |       |       |    18 |    36 ||    54
       Hydra Form        |       |       |       |    14 ||    14
Invok: Lesser Servant of |       |       |       |     2 ||     2
  Use: Scroll            |       |    10 |    16 |     1 ||    27
       Potion            |       |     1 |     9 |     2 ||    12
 Stab: Sleeping          |       |       |     1 |    13 ||    14
  Eat: Chunk             |     3 |    15 |    12 |    11 ||    41
       Ration            |       |       |     3 |       ||     3
Armor: Robe              |    38 |    34 |     6 |       ||    78
       Skin              |       |     7 |     6 |    85 ||    98
       Leather armour    |       |       |    52 |    66 ||   118
Dodge: Dodged            |    93 |   170 |   193 |   315 ||   771

Table legend:
 A = Non-vault XP
 B = Vault XP
 C = Vault XP percentage of total XP
 D = Non-vault monster count
 E = Vault monster count
 F = Vault count percentage of total count
                 A         B        C        D         E       F
            +---------+---------+-------+---------+---------+-------
      Total |   22197 |    6992 |  24.0 |     306 |      78 |  20.3
            +---------+---------+-------+---------+---------+-------
        D:1 |      46 |       9 |  16.4 |      26 |       4 |  13.3
        D:2 |      52 |      10 |  16.1 |      25 |       5 |  16.7
        D:3 |      52 |      39 |  42.9 |      20 |       3 |  13.0
        D:4 |       5 |     202 |  97.6 |       2 |       2 |  50.0
        D:5 |     464 |     570 |  55.1 |      19 |      13 |  40.6
        D:6 |    1542 |     904 |  37.0 |      32 |       3 |   8.6
        D:7 |    1815 |     457 |  20.1 |      39 |       9 |  18.8
        D:8 |     783 |    1329 |  62.9 |      16 |       4 |  20.0
        D:9 |    1529 |     468 |  23.4 |      18 |       5 |  21.7
       D:10 |    4204 |       0 |   0.0 |      53 |       0 |   0.0
       D:11 |    2011 |       0 |   0.0 |      11 |       0 |   0.0
       D:12 |      40 |       0 |   0.0 |       1 |       0 |   0.0
     Lair:1 |    4363 |       0 |   0.0 |      20 |       0 |   0.0
     Lair:2 |    1946 |    1996 |  50.6 |       8 |       7 |  46.7
     Lair:3 |    3345 |     950 |  22.1 |      16 |       1 |   5.9
      Sewer |       0 |      58 | 100.0 |       0 |      22 | 100.0
            +---------+---------+-------+---------+---------+-------
